 Dungeon Crawl Stone Soup version 0.30-a0-782-ge64f9170bb (webtiles) character file.

Game seed: 15683219770646585035

40 Dirtsage the Chopper (level 3, 0/29 HPs)
             Began as a Demonspawn Fighter on Mar 14, 2023.
             Slain by a gnoll
             ... wielding a +0 flail
              (9 damage)
             ... on level 2 of the Dungeon.
             The game lasted 00:01:58 (1181 turns).

Dirtsage the Chopper (Demonspawn Fighter)           Turns: 1181, Time: 00:01:58

Health: 0/29       AC:  6    Str: 18    XL:     3   Next: 30%
Magic:  3/3        EV:  9    Int:  9    God:
Gold:   84         SH:  4    Dex: 12    Spells: 2/2 levels left

rFire   . . .      SeeInvis .    a - +0 war axe
rCold   . . .      Faith    .    c - +0 buckler
rNeg    . . .      Spirit   .    b - +0 scale mail
rPois   .          Reflect  .    (no helmet)
rElec   .          Harm     .    (no cloak)
rCorr   +          Rampage  .    (no gloves)
Will    .....                    (no boots) Stlth
                                 i - amulet of magic regeneration
HPRegen 0.24/turn                C - ring of resist corrosion
MPRegen 0.48/turn                (no ring)

@: no status effects
A: powered by pain 1
a: no special abilities


You were on level 2 of the Dungeon.
You visited 1 branch of the dungeon, and saw 2 of its levels.

You collected 84 gold pieces.

Inventory:

Hand Weapons
 a - a +0 war axe (weapon)
Armour
 b - a +0 scale mail (worn)
 c - a +0 buckler (worn)
Jewellery
 i - an amulet of magic regeneration (around neck)
 C - a ring of resist corrosion (left hand)
Scrolls
 e - 3 scrolls of identify {unknown}
 f - 2 scrolls of poison {unknown}
 h - 2 scrolls of teleportation {unknown}
 k - a scroll of immolation {unknown}
 l - a scroll of amnesia {unknown}
 m - a scroll of enchant armour {unknown}
 n - a scroll of noise {unknown}
Potions
 d - a potion of might
 g - a potion of heal wounds {unknown}
 j - 2 potions of curing {unknown}


   Skills:
 - Level 3.0 Fighting
 + Level 3.4 Axes
 - Level 2.6 Armour
 - Level 2.6 Shields


You had 2 spell levels left.
You didn't know any spells.
Your spell library was empty.

Dungeon Overview and Level Annotations

Branches:
Dungeon (2/15)

Altars:


Innate Abilities, Weirdness & Mutations

You sometimes gain a little power by taking damage.


Message History

You block the bat's attack. The bat closely misses you.
The bat closely misses you.
You see here 11 gold pieces.
The bat hits you but does no damage. x2
You slash the bat!
You kill the bat!
You now have 84 gold pieces (gained 11).
You open the door.
There is an open door here. 4 gnolls come into view.
The gnoll shouts! x2
Health restored: 29 You hit the gnoll.
The gnoll is moderately wounded.
The gnoll hits you with a +0 flail.
You take 6 damage, and have 23/29 hp.
MASSIVE DAMAGE!!
You barely miss the gnoll.
The gnoll is moderately wounded.
The gnoll closely misses you.
A ball python comes into view.
You block the gnoll's attack. The gnoll attacks as you move away!
The gnoll hits you with a +0 flail.
You take 3 damage, and have 20/29 hp.
The gnoll attacks as you move away! The gnoll hits you with a +0 flail.
You take 3 damage, and have 17/29 hp.
The gnoll attacks as you move away! The gnoll hits you with a +0 flail.
You take 3 damage, and have 14/29 hp.
You barely miss the gnoll.
The gnoll is moderately wounded.
The gnoll hits you with a +0 flail.
* * * LOW HITPOINT WARNING * * *
You take 6 damage, and have 8/29 hp.
MASSIVE DAMAGE!!
You closely miss the gnoll.
The gnoll is moderately wounded.
The gnoll hits you but does no damage. The gnoll closely misses you.
You barely miss the gnoll.
The gnoll is moderately wounded.
The ball python hisses angrily.
The gnoll hits you with a +0 flail!
You die...

..# ##. S.#.# #.# #.
#.#.# #.# #. # #(#.# #.#
##' #. .g#.# ... ##..
#.##.#.# ####.# ##...
...#.# ##.##.###....
#.#.########...#.##.....
#.Sgggg@................
#.##########.......†....
..$ ##.##.###.... #.##
#.##.# #.... #. #....#
#.#.. # #..#####.##+
#........##.
##.########. #.# #......


You could see 4 gnolls and a ball python.

Vanquished Creatures
  8 endoplasms (D:1)
  3 giant cockroaches (D:1)
  A goblin (D:1)
  4 hobgoblins
  2 jackals (D:1)
  2 quokkas
  4 ball pythons
  3 bats
  A frilled lizard (D:2)
  5 kobolds
  2 rats (D:1)
35 creatures vanquished.

Notes
Turn   | Place    | Note
-------+----------+-------------------------------------------
     0 | D:1      | Dirtsage the Demonspawn Fighter began the quest for the
                  | Orb.
     0 | D:1      | Reached XP level 1. HP: 18/18 MP: 1/1
   103 | D:1      | Gained mutation: You sometimes gain a little power by
                  | taking damage. [demonic ancestry]
   103 | D:1      | Reached XP level 2. HP: 23/24 MP: 2/2
   535 | D:1      | Reached XP level 3. HP: 29/29 MP: 3/3
  1181 | D:2      | Slain by a gnoll

Illustrated notes

Levels and vault maps discovered:
D:1:      ncdulo_halloftheorcs, layout_basic, minmay_tetromino_s2
D:2:      layout_loops_corners

Skill      XL: |  1  2 |
---------------+-------+-----
Axes           | 2 3 |  3.4
Fighting       | |  3.0
Armour         | |  2.6
Shields        | |  2.6

Action                     || total
---------------------------++-------
  Melee: War axe           ||   113
 Armour: Scale mail        ||    74
  Dodge: Dodged            ||    60
  Block: Buckler           ||    17

Table legend: (Time is in decaauts)
 A = Elapsed time spent in this place.
 B = Non-inter-level travel time spent in this place.
 C = Inter-level travel time spent in this place.
 D = Time resting spent in this place.
 E = Time spent auto-exploring this place.
 F = Levels seen in this place.
 G = Mean time per level.
                   A        B        C        D        E       F      G
               +--------+--------+--------+--------+--------+-----+--------+
         Total |   1226 |   1211 |     15 |      0 |    938 |   2 |  613.0 |
       Dungeon |   1226 |   1211 |     15 |      0 |    938 |   2 |  613.0 |
               +--------+--------+--------+--------+--------+-----+--------+

Top non-repeatable levels by time:
     D:1: 845 daAuts
     D:2: 380 daAuts
